Canadiens vs Senators

Created - December 12 2011 at 19:10

Goals
1 2 3 T
Canadiens 1 0 1 2
Senators 2 1 1 4
Shots
1 2 3 T
Canadiens 10 4 6 20
Senators 15 10 13 38

Period #1

1. Canadiens , Marc-Edouard Vlasic 4 (Dominic Moore, Jakub Voracek) at 7:01
2. Senators , Patrick Eaves 5 (Dion Phaneuf, Jason Spezza) at 10:08 (PP)
3. Senators , Jamie Benn 9 (Dion Phaneuf, Daniel Alfredsson) at 14:46

Penalties :
Jan Hejda (OTT) for Hooking (Minor) at 0:31, Derek Morris (OTT) for Hooking (Minor) at 1:05, Travis Hamonic (MTL) for Holding (Minor) at 8:49, Brian Lee (OTT) for Holding (Minor) at 10:15, Marc-Edouard Vlasic (MTL) for Holding (Minor) at 15:19

Period #2

4. Senators , Dion Phaneuf 6 (Jamie Benn, Daniel Alfredsson) at 14:15

Penalties :
Marc-Edouard Vlasic (MTL) for Cross-checking (Minor) at 1:30, David Perron (MTL) for Cross-checking (Minor) at 3:59, Dominic Moore (MTL) for Boarding (Minor) at 7:27, Derek Morris (OTT) for Cross-checking (Minor) at 14:46, Nicklas Lidstrom (OTT) for Hooking (Minor) at 19:47

Period #3

5. Canadiens , Dustin Byfuglien 10 (Jonathan Toews, Jordan Eberle) at 0:32 (PP)
6. Senators , John Tavares 15 (Daniel Alfredsson) at 6:41

Penalties :
Andy McDonald (MTL) for Hooking (Minor) at 8:07, Brandon Dubinsky (MTL) for Slashing (Minor) at 11:34, Dustin Byfuglien (MTL) for Holding (Minor) at 17:19

Goalie Stats

Jonas Hiller (MTL), 34 saves from 38 shots - (0.895), L, 15-9-2, 60:00 minutes
Carey Price (OTT), 18 saves from 20 shots - (0.900), W, 19-6-3, 60:00 minutes

Players Stats

Canadiens
Player Name              G  A  P  +/- PIM S  H  SB FO    MP 
------------------------------------------------------------
Andy McDonald            0  0  0  -1  2   4  0  0  13/19 15 
Brandon Dubinsky         0  0  0  -1  2   0  1  1  1/1   19 
Bryan Little             0  0  0   1  0   1  1  0  4/8   7  
David Perron             0  0  0  -1  2   2  2  0  2/3   15 
Dominic Moore            0  1  1   1  2   2  0  0  0/1   7  
Dustin Byfuglien         1  0  1  -1  2   3  2  1  1/1   19 
Henrik Tallinder         0  0  0   0  0   0  0  3  0/0   19 
Jakub Voracek            0  1  1   1  0   0  0  0  0/1   10 
Jonathan Toews           0  1  1  -1  0   2  2  1  10/24 19 
Jordan Eberle            0  1  1  -1  0   1  0  0  0/0   13 
Logan Couture            0  0  0  -1  0   1  1  0  0/0   12 
Manny Malhotra           0  0  0  -1  0   0  0  1  14/23 19 
Marc-Edouard Vlasic      1  0  1   0  4   2  1  0  0/0   22 
P.K. Subban              0  0  0  -1  0   0  3  2  0/0   18 
Rob Scuderi              0  0  0  -1  0   0  2  3  0/0   19 
Tom Poti                 0  0  0   0  0   1  3  0  0/0   21 
Travis Hamonic           0  0  0  -2  2   0  1  1  0/0   15 
Ville Leino              0  0  0  -1  0   1  1  0  0/2   14 
Senators
Player Name              G  A  P  +/- PIM S  H  SB FO    MP 
------------------------------------------------------------
Brian Lee                0  0  0   0  2   0  0  2  0/0   5  
Claude Giroux            0  0  0  -1  0   1  6  0  1/1   21 
Craig Conroy             0  0  0   0  0   1  0  1  4/5   9  
Daniel Alfredsson        0  3  3   3  0   4  0  0  0/1   16 
Derek Morris             0  0  0   0  4   1  2  0  0/0   16 
Dion Phaneuf             1  2  3   3  0   6  1  3  0/0   23 
Jamie Benn               1  1  2   3  0   5  0  0  1/2   18 
Jan Hejda                0  0  0  -1  2   1  4  4  0/0   24 
Jason Spezza             0  1  1   0  0   5  0  0  11/21 19 
Joffrey Lupul            0  0  0   0  0   2  2  0  0/0   16 
John Tavares             1  0  1   3  0   3  0  0  6/16  14 
John-Michael Liles       0  0  0   3  0   2  0  1  0/0   21 
Nick Foligno             0  0  0  -1  0   0  3  0  2/2   20 
Nicklas Lidstrom         0  0  0  -1  2   1  0  1  0/0   24 
Patrick Eaves            1  0  1   0  0   1  1  1  0/2   20 
Peter Regin              0  0  0   0  0   0  0  0  0/0   0  
Ryan Johnson             0  0  0   0  0   1  0  0  2/5   5  
Sidney Crosby            0  0  0  -1  0   4  1  0  11/28 21 

3 Stars

1 - Dion Phaneuf (OTT)
2 - Daniel Alfredsson (OTT)
3 - Jamie Benn (OTT)

Power Play

Canadiens - 1 on 5 Attempt(s) - 20.00%
Senators - 1 on 8 Attempt(s) - 12.50%

Penalty Kill

Canadiens - 7 on 8 Attempt(s) - 87.50% - Score 0 goal in Penalty Kill
Senators - 4 on 5 Attempt(s) - 80.00% - Score 0 goal in Penalty Kill

Game Notes

Brian Lee is injured at 3:55 of 2nd period (Strained Left Knee)

Finance

Level 1 -- Attendance: 4945 (76.08%) -- Ticket Income $494,500.00
Level 2 -- Attendance: 3529 (70.58%) -- Ticket Income $211,740.00
Level 3 -- Attendance: 2796 (79.89%) -- Ticket Income $97,860.00
Level 4 -- Attendance: 1523 (48.30%) -- Ticket Income $45,690.00
Luxury Box -- Attendance: 554 (55.40%) -- Ticket Income $138,500.00
Game was played at the Scotiabank Place
Total Attendance: 13347 (69.69%)
Total Ticket Income: $1,063,952.00
Other Income: $208,353.60
Total Income: $1,272,306.00


Play by Play

Period #1

0:01 of 1st period - Jonathan Toews wins face-off versus Sidney Crosby in neutral zone.
0:09 of 1st period - Dustin Byfuglien is hit by Jan Hejda and loses puck.
0:26 of 1st period - Shot by Logan Couture.
0:26 of 1st period - Shot Misses the Net.
0:28 of 1st period - Shot by Tom Poti.
0:28 of 1st period - Shot Misses the Net.
0:31 of 1st period - Minor Penalty to Jan Hejda for Hooking.
0:32 of 1st period - Andy McDonald wins face-off versus Patrick Eaves in Senators zone.
1:05 of 1st period - Minor Penalty to Derek Morris for Hooking.
1:06 of 1st period - Craig Conroy wins face-off versus Jonathan Toews in Senators zone.
1:06 of 1st period - Craig Conroy is hit by Logan Couture.
2:17 of 1st period - Shot by Henrik Tallinder.
2:17 of 1st period - Shot Misses the Net.
4:38 of 1st period - Icing by Marc-Edouard Vlasic.
4:39 of 1st period - John Tavares wins face-off versus Jonathan Toews in Canadiens zone.
4:47 of 1st period - John Tavares is hit by Tom Poti.
4:52 of 1st period - Jamie Benn is hit by Tom Poti.
4:56 of 1st period - Shot by John Tavares.
4:56 of 1st period - Stopped by Jonas Hiller without a rebound.
4:57 of 1st period - Manny Malhotra wins face-off versus John Tavares in Canadiens zone.
5:06 of 1st period - Shot by Jordan Eberle.
5:06 of 1st period - Shot Misses the Net.
5:35 of 1st period - Icing by Manny Malhotra.
5:36 of 1st period - Brandon Dubinsky wins face-off versus Sidney Crosby in Canadiens zone.
6:23 of 1st period - Shot by David Perron.
6:23 of 1st period - Deflect By Andy McDonald.
6:23 of 1st period - Shot Misses the Net.
6:37 of 1st period - Shot by Jakub Voracek.
6:37 of 1st period - Shot Blocked by Jan Hejda.
6:59 of 1st period - Shot by Dominic Moore.
6:59 of 1st period - Shot Blocked by Nicklas Lidstrom.
7:01 of 1st period - Shot by Marc-Edouard Vlasic.
7:01 of 1st period - Goal by Marc-Edouard Vlasic - Canadiens : 1 - Senators : 0.
7:02 of 1st period - Jonathan Toews wins face-off versus Jason Spezza in neutral zone.
8:03 of 1st period - Off-side.
8:04 of 1st period - Andy McDonald wins face-off versus John Tavares in neutral zone.
8:09 of 1st period - Shot by David Perron.
8:09 of 1st period - Stopped by Carey Price without a rebound.
8:10 of 1st period - Andy McDonald wins face-off versus John Tavares in Senators zone.
8:11 of 1st period - Shot by P.K. Subban.
8:11 of 1st period - Shot Misses the Net.
8:18 of 1st period - John Tavares is hit by P.K. Subban and loses puck.
8:21 of 1st period - Shot by Daniel Alfredsson.
8:21 of 1st period - Stopped by Jonas Hiller without a rebound.
8:22 of 1st period - Andy McDonald wins face-off versus John Tavares in Canadiens zone.
8:26 of 1st period - Off-side.
8:27 of 1st period - Jamie Benn wins face-off versus Manny Malhotra in neutral zone.
8:27 of 1st period - Daniel Alfredsson is hit by Brandon Dubinsky and loses puck.
8:44 of 1st period - Shot by Jamie Benn.
8:44 of 1st period - Shot Blocked by Travis Hamonic.
8:46 of 1st period - Shot by John-Michael Liles.
8:46 of 1st period - Shot Blocked by Brandon Dubinsky.
8:48 of 1st period - Shot by Dion Phaneuf.
8:48 of 1st period - Shot Misses the Net.
8:49 of 1st period - Minor Penalty to Travis Hamonic for Holding.
8:50 of 1st period - Sidney Crosby wins face-off versus Jonathan Toews in Canadiens zone.
8:53 of 1st period - Shot by Nicklas Lidstrom.
8:53 of 1st period - Shot Misses the Net.
8:57 of 1st period - Shot by Nicklas Lidstrom.
8:57 of 1st period - Shot Misses the Net.
8:59 of 1st period - Shot by Jan Hejda.
8:59 of 1st period - Stopped by Jonas Hiller without a rebound.
9:00 of 1st period - Manny Malhotra wins face-off versus Sidney Crosby in Canadiens zone.
9:29 of 1st period - Shot by Sidney Crosby.
9:29 of 1st period - Stopped by Jonas Hiller without a rebound.
9:30 of 1st period - Jason Spezza wins face-off versus Jonathan Toews in Canadiens zone.
10:02 of 1st period - Shot by John-Michael Liles.
10:02 of 1st period - Shot Blocked by Manny Malhotra.
10:04 of 1st period - Shot by Jason Spezza.
10:04 of 1st period - Shot Misses the Net.
10:06 of 1st period - Shot by Dion Phaneuf.
10:06 of 1st period - Stopped by Jonas Hiller with a rebound.
10:08 of 1st period - Shot by Patrick Eaves.
10:08 of 1st period - Goal by Patrick Eaves - Canadiens : 1 - Senators : 1.
10:09 of 1st period - Andy McDonald wins face-off versus Jason Spezza in neutral zone.
10:15 of 1st period - Minor Penalty to Brian Lee for Holding.
10:16 of 1st period - Jonathan Toews wins face-off versus Ryan Johnson in Senators zone.
10:17 of 1st period - Shot by Marc-Edouard Vlasic.
10:17 of 1st period - Shot Misses the Net.
10:19 of 1st period - Shot by Logan Couture.
10:19 of 1st period - Stopped by Carey Price with a rebound.
10:21 of 1st period - Shot by Dustin Byfuglien.
10:21 of 1st period - Stopped by Carey Price with a rebound.
10:23 of 1st period - Shot by Marc-Edouard Vlasic.
10:23 of 1st period - Stopped by Carey Price without a rebound.
10:24 of 1st period - Craig Conroy wins face-off versus Andy McDonald in Senators zone.
10:24 of 1st period - Nicklas Lidstrom is hit by David Perron and loses puck.
10:41 of 1st period - Shot by Andy McDonald.
10:41 of 1st period - Shot Blocked by Jan Hejda.
10:43 of 1st period - Shot by David Perron.
10:43 of 1st period - Stopped by Carey Price without a rebound.
10:44 of 1st period - Jonathan Toews wins face-off versus Craig Conroy in Senators zone.
11:44 of 1st period - Off-side.
11:45 of 1st period - Andy McDonald wins face-off versus Ryan Johnson in neutral zone.
11:48 of 1st period - Shot by David Perron.
11:48 of 1st period - Shot Misses the Net.
11:52 of 1st period - Shot by Ville Leino.
11:52 of 1st period - Shot Blocked by Dion Phaneuf.
11:54 of 1st period - Shot by Tom Poti.
11:54 of 1st period - Stopped by Carey Price without a rebound.
11:55 of 1st period - Andy McDonald wins face-off versus Ryan Johnson in Senators zone.
12:17 of 1st period - Brandon Dubinsky is hit by Jan Hejda.
12:31 of 1st period - Shot by Jordan Eberle.
12:31 of 1st period - Shot Misses the Net.
13:51 of 1st period - Shot by Andy McDonald.
13:51 of 1st period - Stopped by Carey Price with a rebound.
14:10 of 1st period - Shot by Derek Morris.
14:10 of 1st period - Shot Blocked by P.K. Subban.
14:12 of 1st period - Shot by Joffrey Lupul.
14:12 of 1st period - Shot Misses the Net.
14:42 of 1st period - Shot by Daniel Alfredsson.
14:42 of 1st period - Shot Blocked by Dustin Byfuglien.
14:46 of 1st period - Shot by Jamie Benn.
14:46 of 1st period - Goal by Jamie Benn - Canadiens : 1 - Senators : 2.
14:47 of 1st period - John Tavares wins face-off versus Bryan Little in neutral zone.
14:59 of 1st period - John Tavares is hit by Tom Poti and loses puck.
15:19 of 1st period - Minor Penalty to Marc-Edouard Vlasic for Holding.
15:20 of 1st period - Manny Malhotra wins face-off versus Sidney Crosby in Canadiens zone.
15:43 of 1st period - Shot by Sidney Crosby.
15:43 of 1st period - Stopped by Jonas Hiller without a rebound.
15:44 of 1st period - Manny Malhotra wins face-off versus Jason Spezza in Canadiens zone.
16:36 of 1st period - Shot by Nicklas Lidstrom.
16:36 of 1st period - Stopped by Jonas Hiller without a rebound.
16:37 of 1st period - Jason Spezza wins face-off versus Manny Malhotra in Canadiens zone.
16:38 of 1st period - Shot by Joffrey Lupul.
16:38 of 1st period - Stopped by Jonas Hiller with a rebound.
16:40 of 1st period - Shot by Patrick Eaves.
16:40 of 1st period - Deflect By Jason Spezza.
16:40 of 1st period - Shot Blocked by Henrik Tallinder.
16:42 of 1st period - Shot by Derek Morris.
16:42 of 1st period - Stopped by Jonas Hiller with a rebound.
16:50 of 1st period - Shot by Jason Spezza.
16:50 of 1st period - Stopped by Jonas Hiller without a rebound.
16:51 of 1st period - Sidney Crosby wins face-off versus Manny Malhotra in Canadiens zone.
17:14 of 1st period - Shot by Nicklas Lidstrom.
17:14 of 1st period - Shot Blocked by Jonathan Toews.
17:18 of 1st period - Shot by Claude Giroux.
17:18 of 1st period - Shot Misses the Net.
17:23 of 1st period - Icing by Jakub Voracek.
17:24 of 1st period - Jason Spezza wins face-off versus Jakub Voracek in Canadiens zone.
17:55 of 1st period - Shot by Bryan Little.
17:55 of 1st period - Stopped by Carey Price with a rebound.
17:57 of 1st period - Shot by Marc-Edouard Vlasic.
17:57 of 1st period - Shot Blocked by Brian Lee.
17:59 of 1st period - Shot by Dominic Moore.
17:59 of 1st period - Stopped by Carey Price with a rebound.
18:20 of 1st period - Off-side.
18:21 of 1st period - Andy McDonald wins face-off versus Daniel Alfredsson in neutral zone.
18:46 of 1st period - Shot by John Tavares.
18:46 of 1st period - Stopped by Jonas Hiller without a rebound.
18:47 of 1st period - Sidney Crosby wins face-off versus Manny Malhotra in Canadiens zone.
19:14 of 1st period - Shot by Sidney Crosby.
19:14 of 1st period - Stopped by Jonas Hiller without a rebound.
19:15 of 1st period - Jonathan Toews wins face-off versus John Tavares in Canadiens zone.
19:36 of 1st period - Shot by Daniel Alfredsson.
19:36 of 1st period - Shot Misses the Net.
19:40 of 1st period - Shot by Jamie Benn.
19:40 of 1st period - Shot Misses the Net.
19:42 of 1st period - Shot by Jamie Benn.
19:42 of 1st period - Stopped by Jonas Hiller with a rebound.
19:44 of 1st period - Shot by John-Michael Liles.
19:44 of 1st period - Shot Misses the Net.

Period #2

0:01 of 2nd period - Nick Foligno wins face-off versus Jonathan Toews in neutral zone.
0:19 of 2nd period - Shot by Logan Couture.
0:19 of 2nd period - Shot Misses the Net.
0:21 of 2nd period - Shot by Jonathan Toews.
0:21 of 2nd period - Stopped by Carey Price without a rebound.
0:22 of 2nd period - John Tavares wins face-off versus Andy McDonald in Senators zone.
0:57 of 2nd period - Shot by John Tavares.
0:57 of 2nd period - Deflect By Jamie Benn.
0:57 of 2nd period - Stopped by Jonas Hiller without a rebound.
0:58 of 2nd period - Jonathan Toews wins face-off versus Sidney Crosby in Canadiens zone.
0:58 of 2nd period - Jonathan Toews is hit by Nick Foligno.
1:19 of 2nd period - Sidney Crosby is hit by Dustin Byfuglien and loses puck.
1:24 of 2nd period - Marc-Edouard Vlasic is hit by Claude Giroux and loses puck.
1:30 of 2nd period - Minor Penalty to Marc-Edouard Vlasic for Cross-checking.
1:31 of 2nd period - Manny Malhotra wins face-off versus Jamie Benn in Canadiens zone.
1:57 of 2nd period - Shot by Dion Phaneuf.
1:57 of 2nd period - Shot Blocked by Rob Scuderi.
1:59 of 2nd period - Shot by John-Michael Liles.
1:59 of 2nd period - Stopped by Jonas Hiller without a rebound.
2:00 of 2nd period - Jonathan Toews wins face-off versus Sidney Crosby in Canadiens zone.
2:29 of 2nd period - Rob Scuderi is hit by Claude Giroux.
3:53 of 2nd period - Shot by Dominic Moore.
3:53 of 2nd period - Stopped by Carey Price with a rebound.
3:55 of 2nd period - Shot by Bryan Little.
3:55 of 2nd period - Shot Blocked by Brian Lee.
3:55 of 2nd period - Brian Lee from Senators is injured at 3:55 of 2nd period (Strained Left Knee).
3:56 of 2nd period - John Tavares wins face-off versus Ville Leino in Senators zone.
3:58 of 2nd period - John-Michael Liles is hit by P.K. Subban and loses puck.
3:59 of 2nd period - Minor Penalty to David Perron for Cross-checking.
4:00 of 2nd period - Manny Malhotra wins face-off versus Sidney Crosby in Canadiens zone.
4:45 of 2nd period - Shot by Dion Phaneuf.
4:45 of 2nd period - Stopped by Jonas Hiller without a rebound.
4:46 of 2nd period - Jason Spezza wins face-off versus Manny Malhotra in Canadiens zone.
4:51 of 2nd period - Shot by Dion Phaneuf.
4:51 of 2nd period - Stopped by Jonas Hiller without a rebound.
4:52 of 2nd period - Manny Malhotra wins face-off versus Jason Spezza in Canadiens zone.
5:21 of 2nd period - Jonathan Toews is hit by Patrick Eaves and loses puck.
5:47 of 2nd period - Icing by Sidney Crosby.
5:48 of 2nd period - Sidney Crosby wins face-off versus Manny Malhotra in Senators zone.
5:50 of 2nd period - Icing by Claude Giroux.
5:51 of 2nd period - Manny Malhotra wins face-off versus Sidney Crosby in Senators zone.
6:34 of 2nd period - Shot by Derek Morris.
6:34 of 2nd period - Shot Misses the Net.
6:41 of 2nd period - Icing by Marc-Edouard Vlasic.
6:42 of 2nd period - Sidney Crosby wins face-off versus Dominic Moore in Canadiens zone.
7:27 of 2nd period - Minor Penalty to Dominic Moore for Boarding.
7:28 of 2nd period - Manny Malhotra wins face-off versus Jason Spezza in Canadiens zone.
8:31 of 2nd period - Icing by Jan Hejda.
8:32 of 2nd period - Sidney Crosby wins face-off versus Jonathan Toews in Senators zone.
9:07 of 2nd period - Shot by Jamie Benn.
9:07 of 2nd period - Stopped by Jonas Hiller with a rebound.
9:45 of 2nd period - Shot by John Tavares.
9:45 of 2nd period - Shot Misses the Net.
9:47 of 2nd period - Shot by Daniel Alfredsson.
9:47 of 2nd period - Stopped by Jonas Hiller with a rebound.
10:06 of 2nd period - Off-side.
10:07 of 2nd period - Craig Conroy wins face-off versus Bryan Little in neutral zone.
10:17 of 2nd period - Shot by Joffrey Lupul.
10:17 of 2nd period - Deflect By Craig Conroy.
10:17 of 2nd period - Stopped by Jonas Hiller without a rebound.
10:18 of 2nd period - Manny Malhotra wins face-off versus Sidney Crosby in Canadiens zone.
10:50 of 2nd period - Brandon Dubinsky is hit by Jan Hejda.
11:44 of 2nd period - Icing by John-Michael Liles.
11:45 of 2nd period - Andy McDonald wins face-off versus Jason Spezza in Senators zone.
12:08 of 2nd period - Off-side.
12:09 of 2nd period - Jonathan Toews wins face-off versus John Tavares in neutral zone.
12:21 of 2nd period - Jamie Benn is hit by Jonathan Toews and loses puck.
13:14 of 2nd period - Off-side.
13:15 of 2nd period - David Perron wins face-off versus Sidney Crosby in neutral zone.
13:24 of 2nd period - Shot by David Perron.
13:24 of 2nd period - Deflect By Andy McDonald.
13:24 of 2nd period - Stopped by Carey Price without a rebound.
13:25 of 2nd period - Nick Foligno wins face-off versus Andy McDonald in Senators zone.
13:32 of 2nd period - Travis Hamonic is hit by Sidney Crosby.
13:44 of 2nd period - Ville Leino is hit by Nick Foligno and loses puck.
14:11 of 2nd period - Shot by Daniel Alfredsson.
14:11 of 2nd period - Stopped by Jonas Hiller with a rebound.
14:13 of 2nd period - Shot by Daniel Alfredsson.
14:13 of 2nd period - Deflect By Jamie Benn.
14:13 of 2nd period - Shot Blocked by P.K. Subban.
14:15 of 2nd period - Shot by Dion Phaneuf.
14:15 of 2nd period - Goal by Dion Phaneuf - Canadiens : 1 - Senators : 3.
14:16 of 2nd period - Bryan Little wins face-off versus Jason Spezza in neutral zone.
14:25 of 2nd period - Bryan Little is hit by Joffrey Lupul and loses puck.
14:36 of 2nd period - Icing by Craig Conroy.
14:37 of 2nd period - Manny Malhotra wins face-off versus Patrick Eaves in Senators zone.
14:37 of 2nd period - Manny Malhotra is hit by Derek Morris.
14:46 of 2nd period - Minor Penalty to Derek Morris for Cross-checking.
14:47 of 2nd period - Ryan Johnson wins face-off versus Jonathan Toews in Senators zone.
14:47 of 2nd period - Ryan Johnson is hit by Jonathan Toews.
15:17 of 2nd period - Shot by Dustin Byfuglien.
15:17 of 2nd period - Shot Blocked by Dion Phaneuf.
15:21 of 2nd period - Shot by Jonathan Toews.
15:21 of 2nd period - Shot Blocked by Jan Hejda.
15:49 of 2nd period - Nicklas Lidstrom is hit by Ville Leino and loses puck.
16:47 of 2nd period - Shot by Manny Malhotra.
16:47 of 2nd period - Shot Misses the Net.
19:06 of 2nd period - Shot by Joffrey Lupul.
19:06 of 2nd period - Stopped by Jonas Hiller without a rebound.
19:07 of 2nd period - Dustin Byfuglien wins face-off versus Sidney Crosby in Canadiens zone.
19:07 of 2nd period - Dustin Byfuglien is hit by Claude Giroux.
19:15 of 2nd period - Shot by Dustin Byfuglien.
19:15 of 2nd period - Stopped by Carey Price with a rebound.
19:28 of 2nd period - Icing by Craig Conroy.
19:29 of 2nd period - Sidney Crosby wins face-off versus Andy McDonald in Senators zone.
19:29 of 2nd period - Claude Giroux is hit by David Perron and loses puck.
19:47 of 2nd period - Minor Penalty to Nicklas Lidstrom for Hooking.
19:48 of 2nd period - Ryan Johnson wins face-off versus Jonathan Toews in Senators zone.

Period #3

0:01 of 3rd period - Craig Conroy wins face-off versus Jonathan Toews in neutral zone.
0:32 of 3rd period - Shot by Dustin Byfuglien.
0:32 of 3rd period - Goal by Dustin Byfuglien - Canadiens : 2 - Senators : 3.
0:33 of 3rd period - Andy McDonald wins face-off versus Jason Spezza in neutral zone.
0:44 of 3rd period - Shot by Andy McDonald.
0:44 of 3rd period - Stopped by Carey Price without a rebound.
0:45 of 3rd period - Sidney Crosby wins face-off versus Manny Malhotra in Senators zone.
1:24 of 3rd period - Shot by Travis Hamonic.
1:24 of 3rd period - Shot Misses the Net.
1:49 of 3rd period - Icing by John-Michael Liles.
1:50 of 3rd period - Andy McDonald wins face-off versus John Tavares in Senators zone.
2:06 of 3rd period - Icing by Dion Phaneuf.
2:07 of 3rd period - Bryan Little wins face-off versus John Tavares in Senators zone.
2:37 of 3rd period - Shot by Dominic Moore.
2:37 of 3rd period - Shot Blocked by John-Michael Liles.
2:59 of 3rd period - Andy McDonald is hit by Dion Phaneuf and loses puck.
3:08 of 3rd period - Shot by Andy McDonald.
3:08 of 3rd period - Stopped by Carey Price with a rebound.
3:10 of 3rd period - Shot by Ville Leino.
3:10 of 3rd period - Stopped by Carey Price with a rebound.
3:12 of 3rd period - Shot by Ville Leino.
3:12 of 3rd period - Shot Misses the Net.
3:14 of 3rd period - Shot by Henrik Tallinder.
3:14 of 3rd period - Shot Blocked by Dion Phaneuf.
3:16 of 3rd period - Shot by P.K. Subban.
3:16 of 3rd period - Shot Misses the Net.
3:35 of 3rd period - Icing by Henrik Tallinder.
3:36 of 3rd period - Andy McDonald wins face-off versus Jason Spezza in Canadiens zone.
3:40 of 3rd period - Icing by Andy McDonald.
3:41 of 3rd period - Andy McDonald wins face-off versus Sidney Crosby in Canadiens zone.
4:15 of 3rd period - Shot by Sidney Crosby.
4:15 of 3rd period - Shot Misses the Net.
4:44 of 3rd period - Shot by Jason Spezza.
4:44 of 3rd period - Stopped by Jonas Hiller without a rebound.
4:45 of 3rd period - Jason Spezza wins face-off versus Jonathan Toews in Canadiens zone.
4:52 of 3rd period - Shot by Logan Couture.
4:52 of 3rd period - Shot Blocked by Craig Conroy.
4:56 of 3rd period - Shot by Dustin Byfuglien.
4:56 of 3rd period - Shot Misses the Net.
5:07 of 3rd period - Shot by Marc-Edouard Vlasic.
5:07 of 3rd period - Shot Misses the Net.
5:15 of 3rd period - Shot by Logan Couture.
5:15 of 3rd period - Shot Blocked by Patrick Eaves.
5:19 of 3rd period - Shot by Jonathan Toews.
5:19 of 3rd period - Stopped by Carey Price without a rebound.
5:20 of 3rd period - Claude Giroux wins face-off versus Ville Leino in Senators zone.
6:12 of 3rd period - Icing by Andy McDonald.
6:13 of 3rd period - Jason Spezza wins face-off versus Andy McDonald in Canadiens zone.
6:22 of 3rd period - Shot by Jason Spezza.
6:22 of 3rd period - Stopped by Jonas Hiller without a rebound.
6:23 of 3rd period - Jason Spezza wins face-off versus Jonathan Toews in Canadiens zone.
6:30 of 3rd period - Shot by Jason Spezza.
6:30 of 3rd period - Shot Misses the Net.
6:34 of 3rd period - Shot by Dion Phaneuf.
6:34 of 3rd period - Stopped by Jonas Hiller without a rebound.
6:35 of 3rd period - John Tavares wins face-off versus Manny Malhotra in Canadiens zone.
6:35 of 3rd period - John Tavares is hit by Travis Hamonic.
6:39 of 3rd period - Shot by Daniel Alfredsson.
6:39 of 3rd period - Shot Blocked by Rob Scuderi.
6:41 of 3rd period - Shot by John Tavares.
6:41 of 3rd period - Goal by John Tavares - Canadiens : 2 - Senators : 4.
6:42 of 3rd period - Sidney Crosby wins face-off versus Bryan Little in neutral zone.
6:47 of 3rd period - Marc-Edouard Vlasic is hit by Claude Giroux and loses puck.
7:16 of 3rd period - Icing by Jakub Voracek.
7:17 of 3rd period - Jason Spezza wins face-off versus Bryan Little in Canadiens zone.
7:51 of 3rd period - Icing by Tom Poti.
7:52 of 3rd period - Bryan Little wins face-off versus John Tavares in Canadiens zone.
7:54 of 3rd period - Icing by Tom Poti.
7:55 of 3rd period - Bryan Little wins face-off versus John Tavares in Canadiens zone.
8:07 of 3rd period - Minor Penalty to Andy McDonald for Hooking.
8:08 of 3rd period - Manny Malhotra wins face-off versus Sidney Crosby in Canadiens zone.
8:58 of 3rd period - Off-side.
8:59 of 3rd period - Jason Spezza wins face-off versus Jonathan Toews in neutral zone.
9:10 of 3rd period - Shot by Dion Phaneuf.
9:10 of 3rd period - Stopped by Jonas Hiller with a rebound.
9:12 of 3rd period - Shot by Jason Spezza.
9:12 of 3rd period - Stopped by Jonas Hiller without a rebound.
9:13 of 3rd period - Jonathan Toews wins face-off versus Jason Spezza in Canadiens zone.
9:29 of 3rd period - Jamie Benn is hit by Rob Scuderi and loses puck.
9:32 of 3rd period - Shot by Jason Spezza.
9:32 of 3rd period - Stopped by Jonas Hiller with a rebound.
9:36 of 3rd period - Shot by John-Michael Liles.
9:36 of 3rd period - Stopped by Jonas Hiller without a rebound.
9:37 of 3rd period - Sidney Crosby wins face-off versus Jonathan Toews in Canadiens zone.
9:45 of 3rd period - Icing by Claude Giroux.
9:46 of 3rd period - Sidney Crosby wins face-off versus Jonathan Toews in Senators zone.
9:46 of 3rd period - Sidney Crosby is hit by Dustin Byfuglien.
10:04 of 3rd period - Manny Malhotra is hit by Claude Giroux and loses puck.
10:11 of 3rd period - Shot by Brandon Dubinsky.
10:11 of 3rd period - Shot Misses the Net.
11:34 of 3rd period - Minor Penalty to Brandon Dubinsky for Slashing.
11:35 of 3rd period - Manny Malhotra wins face-off versus Sidney Crosby in Canadiens zone.
11:35 of 3rd period - Manny Malhotra is hit by Nick Foligno.
11:56 of 3rd period - Shot by Sidney Crosby.
11:56 of 3rd period - Stopped by Jonas Hiller without a rebound.
11:57 of 3rd period - Manny Malhotra wins face-off versus Sidney Crosby in Canadiens zone.
12:46 of 3rd period - Shot by Jamie Benn.
12:46 of 3rd period - Shot Blocked by Rob Scuderi.
12:48 of 3rd period - Shot by John-Michael Liles.
12:48 of 3rd period - Shot Blocked by Henrik Tallinder.
12:52 of 3rd period - Shot by Jamie Benn.
12:52 of 3rd period - Shot Misses the Net.
12:54 of 3rd period - Shot by Jamie Benn.
12:54 of 3rd period - Stopped by Jonas Hiller without a rebound.
12:55 of 3rd period - Jason Spezza wins face-off versus David Perron in Canadiens zone.
13:59 of 3rd period - Andy McDonald is hit by Jan Hejda.
14:04 of 3rd period - Brandon Dubinsky is hit by Derek Morris and loses puck.
14:26 of 3rd period - Joffrey Lupul is hit by Bryan Little and loses puck.
14:40 of 3rd period - Jamie Benn is hit by Marc-Edouard Vlasic and loses puck.
15:03 of 3rd period - Shot by Jamie Benn.
15:03 of 3rd period - Shot Misses the Net.
15:23 of 3rd period - Shot by Claude Giroux.
15:23 of 3rd period - Stopped by Jonas Hiller without a rebound.
15:24 of 3rd period - John Tavares wins face-off versus Andy McDonald in Canadiens zone.
15:31 of 3rd period - P.K. Subban is hit by Claude Giroux and loses puck.
15:57 of 3rd period - Nicklas Lidstrom is hit by P.K. Subban and loses puck.
16:29 of 3rd period - John-Michael Liles is hit by Rob Scuderi and loses puck.
16:54 of 3rd period - Shot by Jordan Eberle.
16:54 of 3rd period - Stopped by Carey Price with a rebound.
17:19 of 3rd period - Minor Penalty to Dustin Byfuglien for Holding.
17:20 of 3rd period - David Perron wins face-off versus Sidney Crosby in Canadiens zone.
18:49 of 3rd period - Shot by Ryan Johnson.
18:49 of 3rd period - Stopped by Jonas Hiller without a rebound.
18:50 of 3rd period - Jason Spezza wins face-off versus Manny Malhotra in Canadiens zone.
19:13 of 3rd period - Shot by Jason Spezza.
19:13 of 3rd period - Shot Blocked by Henrik Tallinder.
19:23 of 3rd period - Shot by Daniel Alfredsson.
19:23 of 3rd period - Stopped by Jonas Hiller without a rebound.
19:24 of 3rd period - Jonathan Toews wins face-off versus Sidney Crosby in Canadiens zone.
19:24 of 3rd period - Jonathan Toews is hit by Joffrey Lupul.
19:32 of 3rd period - Shot by Logan Couture.
19:32 of 3rd period - Shot Blocked by Jan Hejda.


Output by the SimonT Hockey Simulator (STHS) for Stephane Roy -- Original Page W3C XHTML 1.0 Valid